 Dungeon Crawl Stone Soup version 0.30-a0-534-gdc55766716 (webtiles) character file.

Game seed: 17560857754772796934

647 zishaf the Trooper (level 7, -5/56 HPs)
             Began as a Human Wanderer on Dec 25, 2022.
             Killed from afar by Blork the orc (7 damage)
             ... with a puff of frost
             ... on level 5 of the Dungeon.
             The game lasted 00:11:33 (4623 turns).

zishaf the Trooper (Human Wanderer)                 Turns: 4623, Time: 00:11:34

Health: -5/56      AC:  8    Str: 15    XL:     7   Next: 82%
Magic:  8/8        EV: 10    Int: 18    God:
Gold:   225        SH:  0    Dex: 16    Spells: 5/8 levels left

rFire   . . .      SeeInvis .    a - +3 spear
rCold   . . .      Faith    .    (no shield)
rNeg    . . .      Spirit   .    b - +0 ring mail
rPois   .          Reflect  .    (no helmet)
rElec   .          Harm     .    (no cloak)
rCorr   .          Rampage  .    d - +1 pair of gloves
Will    .....                    h - +0 pair of boots
Stlth   +                        (no amulet)
HPRegen 0.29/turn                n - +6 ring of strength
MPRegen 0.11/turn                (no ring)

@: no status effects
A: agile 1, clever 1
a: no special abilities


You were on level 5 of the Dungeon.
You visited 1 branch of the dungeon, and saw 5 of its levels.

You collected 225 gold pieces.

Inventory:

Hand Weapons
 a - a +3 spear (weapon)
Missiles
 s - 2 curare-tipped darts (quivered)
Armour
 b - a +0 ring mail (worn)
 d - a +1 pair of gloves (worn)
 h - a +0 pair of boots (worn)
Magical Staves
 g - a staff of conjuration
Jewellery
 n - a +6 ring of strength (left hand)
Scrolls
 e - a scroll of enchant armour
 f - 3 scrolls of identify
 j - a scroll of teleportation
 m - 2 scrolls of poison
 p - a scroll of enchant weapon
 q - a scroll of acquirement
 u - a scroll of brand weapon {unknown}
Potions
 c - 2 potions of haste
 i - 2 potions of curing {unknown}
 r - a potion of magic


   Skills:
 + Level 5.6 Fighting
 - Level 3.0 Polearms
 - Level 1.0 Throwing
 - Level 1.0 Armour
 - Level 1.0 Stealth
 - Level 1.0 Spellcasting
 - Level 5.0 Necromancy
 + Level 2.7 Ice Magic


You had 5 spell levels left.
You knew the following spells:

 Your Spells              Type           Power      Damage    Failure   Level
a - Frozen Ramparts       Ice            20%        1d4       36%         3

Your spell library contained the following spells:

 Spells                   Type           Power      Damage    Failure   Level
 Sublimation of Blood     Necr           19%        N/A       8%          2
 Cigotuvi's Dreadful Rot  Necr/Pois/Air  12%        N/A       30%         2
 Tukima's Dance           Hex            0%         N/A       75%         3
 Ice Form                 Ice/Tmut       5%         N/A       92%         4
 Summon Ice Beast         Ice/Summ       5%         N/A       92%         4
 Passage of Golubria      Tloc           0%         N/A       98%         4
 Yara's Violent Unravell  Hex/Tmut       0%         3d3       100%        5


Dungeon Overview and Level Annotations

Branches:
Dungeon (5/15)             Temple (0/1) D:4

Altars:

Annotations:
D:5 Blork the orc


Innate Abilities, Weirdness & Mutations

You are agile. (Dex +4, Str/Int -1)
Your mind is acute. (Int +4, Str/Dex -1)


Message History

You kill the hound!
Throw: 3 darts (curare)
Press: ? - help, Q - select action, (/) - cycle Shift-Dir - straight line, f - Blork the orc
Aim: Blork the orc, wielding a +1 hand axe of electrocution and wearing a +0 robe (fast, 65% to hit)
You throw a curare-tipped dart.
The curare-tipped dart hits Blork the orc.
Blork the orc is poisoned.
Blork the orc convulses.
Blork the orc seems to slow down.
Blork the orc is lightly wounded.
Blork the orc hits you with a +1 hand axe of electrocution.
You closely miss Blork the orc.
Blork the orc is lightly wounded.
Blork the orc hits you with a +1 hand axe of electrocution.
You hit Blork the orc.
Blork the orc is heavily wounded.
Blork the orc miscasts a cantrip.
You closely miss Blork the orc.
Blork the orc is heavily wounded.
Blork the orc hits you with a +1 hand axe of electrocution!
You barely miss Blork the orc.
Blork the orc is heavily wounded.
Blork the orc hits you with a +1 hand axe of electrocution.
You hit Blork the orc.
You punch Blork the orc, but do no damage.
Blork the orc is severely wounded.
Blork the orc hits you but does no damage.
You barely miss Blork the orc.
Blork the orc is severely wounded.
Blork the orc hits you with a +1 hand axe of electrocution.
* * * LOW HITPOINT WARNING * * *
You are electrocuted!
* * * LOW HITPOINT WARNING * * *
You puncture Blork the orc!
Blork the orc is almost dead.
Blork the orc casts a cantrip, but nothing happens.
You barely miss Blork the orc.
Blork the orc is almost dead.
Blork the orc gestures at you while chanting.
The puff of frost hits you!
You die...

##.## #.####
#....#
#...[#
##...# ##.##
#.#
..########.#
......o@..!#
..##########


You could see Blork the orc (fast, poisoned, slow).

Vanquished Creatures
  Sigmund (D:2)
  An ice beast (D:4)
  A scorpion (D:4)
  A howler monkey (D:4)
  A hound (D:5)
  2 orc priests
  An iguana (D:4)
  An orc wizard (D:3)
  6 adders
  3 worms (D:2)
  4 dart slugs
  7 orcs
  5 bats
  2 endoplasms (D:4)
  2 giant cockroaches
  9 goblins
  6 hobgoblins
  11 kobolds
  3 quokkas
  8 ball pythons
  2 frilled lizards (D:2)
  11 rats
88 creatures vanquished.

Vanquished Creatures (others)
  2 plants (D:3)
2 creatures vanquished.

Grand Total: 90 creatures vanquished

Notes
Turn   | Place    | Note
-------+----------+-------------------------------------------
     0 | D:1      | zishaf the Human Wanderer began the quest for the Orb.
     0 | D:1      | zishaf set off with the following items: a +2 spear, a +0
                  | ring mail, a potion of haste; and the following spells
                  | available to memorise: Sublimation of Blood, Cigotuvi's
                  | Dreadful Rot.
     0 | D:1      | Reached XP level 1. HP: 15/15 MP: 2/2
   165 | D:1      | Reached XP level 2. HP: 21/21 MP: 3/3
   752 | D:1      | Reached XP level 3. HP: 27/27 MP: 4/4
  1174 | D:2      | Reached XP level 4. HP: 4/34 MP: 5/5
  1177 | D:2      | HP: 1/34 [poisoned by an adder]
  1808 | D:2      | Noticed Sigmund
  1821 | D:2      | Killed Sigmund
  1822 | D:2      | Reached XP level 5. HP: 14/42 MP: 6/6
  1822 | D:2      | Reached XP level 6. HP: 16/48 MP: 7/7
  2970 | D:4      | Reached skill level 5 in Necromancy
  2974 | D:4      | Gained mutation: You are agile. (Dex +4, Str/Int -1)
                  | [potion of mutation]
  2974 | D:4      | Gained mutation: Your mind is acute. (Int +4, Str/Dex -1)
                  | [potion of mutation]
  2981 | D:4      | Identified a scroll of acquirement
  3069 | D:4      | Reached XP level 7. HP: 53/55 MP: 8/8
  3074 | D:4      | Learned a level 3 spell: Frozen Ramparts
  3131 | D:4      | Reached skill level 1 in Ice Magic
  3167 | D:4      | Reached skill level 5 in Fighting
  3300 | D:4      | HP: 2/56 [ice beast (7)]
  3576 | D:4      | Found a staircase to the Ecumenical Temple.
  4565 | D:5      | Entered Level 5 of the Dungeon
  4605 | D:5      | Noticed Blork the orc
  4621 | D:5      | HP: 1/56 [Blork the orc/+1 hand axe of electrocution (13)]
  4623 | D:5      | Killed from afar by Blork the orc

Illustrated notes

Levels and vault maps discovered:
D:1:      psy_arrival_radial01, layout_loops_corners, reono_crystal_passage
D:2:      layout_loops_ring, uniq_sigmund
D:3:      layout_basic, serial_bayou_pond_e, hangedman_decor_clover_reticule
D:4:      layout_layer_cave, minmay_temple_entry_from_below_a
D:5:      layout_loops_cross, serial_shops, shop_statue,
          nicolae_shop_i_like_big_books, uniq_blork_the_orc

Skill      XL: |  1  2  3  4  5  6  7 |
---------------+----------------------+-----
Fighting       | 2 4 5 |  5.6
Necromancy     | 3 4 5 |  5.0
Ice Magic      | 2 |  2.7
Polearms       | |  3.0
Throwing       | |  1.0
Armour         | |  1.0
Stealth        | |  1.0
Spellcasting   | |  1.0

Action                   |  1- 3 |  4- 6 |  7- 9 || total
-------------------------+-------+-------+-------++-------
Melee: Spear             |   108 |   129 |    98 ||   335
       Punch             |     1 |       |     2 ||     3
Throw: Dart              |       |     8 |     3 ||    11
  Use: Potion            |     1 |     2 |     2 ||     5
       Scroll            |       |     9 |       ||     9
Armor: Ring mail         |    27 |    31 |    48 ||   106
Dodge: Dodged            |    45 |    43 |    56 ||   144

Table legend: (Time is in decaauts)
 A = Elapsed time spent in this place.
 B = Non-inter-level travel time spent in this place.
 C = Inter-level travel time spent in this place.
 D = Time resting spent in this place.
 E = Time spent auto-exploring this place.
 F = Levels seen in this place.
 G = Mean time per level.
                   A        B        C        D        E       F      G
               +--------+--------+--------+--------+--------+-----+--------+
         Total |   4588 |   4447 |    141 |    630 |   3129 |   5 |  917.6 |
       Dungeon |   4588 |   4447 |    141 |    630 |   3129 |   5 |  917.6 |
               +--------+--------+--------+--------+--------+-----+--------+

Top non-repeatable levels by time:
     D:4: 1320 daAuts
     D:3: 1104 daAuts
     D:2: 1088 daAuts
     D:1: 1018 daAuts
     D:5: 57 daAuts
